 Dungeon Crawl Stone Soup version 0.29-a0-492-g10b964d8d7 (webtiles) character file.

Game seed: 6575014272848852996

1556 Bruhh the Insei (level 8, -9/61 (70) HPs)
             Began as a Demigod Transmuter on May 27, 2022.
             Mangled by a wight
             ... wielding a +2 war axe
              (17 damage)
             ... on level 5 of the Dungeon.
             The game lasted 00:10:31 (9326 turns).

Bruhh the Insei (Demigod Transmuter)                Turns: 9326, Time: 00:10:31

HP:   -9/61 (70)    AC:  2    Str: 11    XL:     8   Next: 32%
MP:   17/19         EV: 19    Int: 23    God:
Gold: 281           SH:  0    Dex: 19    Spells: 13/17 levels left

rFire   . . .      SeeInvis +     - Unarmed
rCold   . . .      Faith    .   (shield currently unavailable)
rNeg    . . .      Spirit   .   (body armour currently unavailable)
rPois   x          Reflect  .   (helmet currently unavailable)
rElec   .          Harm     .   (cloak currently unavailable)
rCorr   .          Rampage  .   (gloves currently unavailable)
Will    +....                   (boots currently unavailable)
Stlth   ++........              (no amulet)
HPRegen 0.20/turn               r - ring of willpower
MPRegen 0.16/turn               m - ring of see invisible

@: about to teleport, spider-form (expiring), heavily drained
A: venomous fangs, tiny, high MP 1, forlorn, divine attributes
a: End Transformation


You were on level 5 of the Dungeon.
You were a venomous arachnid creature.
You visited 1 branch of the dungeon, and saw 6 of its levels.

You collected 281 gold pieces.

Inventory:

Hand Weapons
 A - a +5 broad axe of electrocution (melded)
Missiles
 c - 3 curare-tipped darts
Armour
 a - a +1 robe
 s - a +0 pair of boots (melded)
 B - a +1 robe of resistance (melded)
Jewellery
 i - a ring of protection from cold
 k - a ring of fire
 m - a ring of see invisible (right front leg)
 r - a ring of willpower (left front leg)
Wands
 n - a wand of paralysis (7)
 y - a wand of polymorph (7)
Scrolls
 d - 5 scrolls of fog
 f - a scroll of teleportation
 g - a scroll of amnesia
 w - 3 scrolls of enchant armour
 x - a scroll of noise
 z - a scroll of enchant weapon
 C - a scroll of poison
 F - a scroll of silence {unknown}
Potions
 b - 3 potions of degeneration
 e - a potion of cancellation {unknown}
 h - a potion of haste {unknown}
 l - 4 potions of heal wounds
 o - a potion of mutation {unknown}
 p - a potion of brilliance {unknown}
 q - a potion of attraction {unknown}
 t - a potion of ambrosia {unknown}
 u - 2 potions of might {unknown}
 v - a potion of lignification
 D - a potion of invisibility
 E - 2 potions of curing


   Skills:
 + Level 5.6 Fighting
 - Level 1.7 Dodging
 + Level 6.3 Unarmed Combat
 - Level 5.0 Spellcasting
 - Level 3.0 Transmutations
 + Level 0.0 Poison Magic


You had 13 spell levels left.
You knew the following spells:

 Your Spells              Type           Power      Damage    Failure   Level
a - Beastly Appendage     Tmut           38%        N/A       10%         1
b - Spider Form           Tmut/Pois      12%        N/A       34%         3

Your spell library contained the following spells:

 Spells                   Type           Power      Damage    Failure   Level
 Wereblood                Tmut           19%        N/A       13%         2
 Sting                    Tmut/Pois      48%        1d5       14%         1
 Apportation              Tloc           10%        N/A       24%         1
 Poisonous Vapours        Pois/Air       10%        N/A       32%         2
 Summon Guardian Golem    Hex/Summ       5%         N/A       50%         3
 Ice Form                 Ice/Tmut       12%        N/A       67%         4
 Anguish                  Hex/Necr       2%         N/A       85%         4
 Olgreb's Toxic Radiance  Pois           5%         N/A       85%         4
 Summon Forest            Summ/Tloc      2%         N/A       99%         5
 Orb of Destruction       Conj           2%         9d5       100%        7
 Spellforged Servitor     Conj/Summ      2%         N/A       100%        7


Dungeon Overview and Level Annotations

Branches:
Dungeon (6/15)
 Temple: D:4-7

Shops:
D:5 [


Innate Abilities, Weirdness & Mutations

You are a venomous arachnid creature.
You have poisonous fangs.
You are tiny and dextrous.
Your spellcasting is less reliable in this form.
Your armour is entirely melded.
You are incapable of wielding weapons or throwing items.
You have an increased reservoir of magic. (+10% MP)
You shall have no god before yourself.
Your divine heritage dramatically boosts your attributes as you level up.


Message History

Okay, then.
Casting: Spider Form (dangerous; 16% risk of failure)
Confirm with . or Enter, or press ? or * to list all spells.
You turn into a venomous arachnid creature.
Your +5 broad axe of electrocution melds into your body.
Your +0 pair of boots melds into your body.
Your +1 robe of resistance melds into your body.
Your +5 broad axe of electrocution stops crackling.
You feel hot and cold all over.
You climb downwards.
The wight hits you with a +4 hand axe!
You feel drained. The wight misses you.
There is a stone staircase leading up here.
Your transformation is almost over.
The wight misses you. The wight barely misses you.
You climb upwards.
There is a stone staircase leading down here.
You can't go up here!
Unknown command.
You hit the wight.
The wight is lightly damaged.
The wight completely misses you. The wight hits you with a +4 hand axe!
You feel drained.
You hit the wight.
The wight is lightly damaged.
The wight hits you with a +2 war axe!
You feel drained. The wight closely misses you.
You are too injured to fight recklessly!
You are too injured to fight recklessly!
Unknown command.
The wight attacks as you move away! The wight misses you.
The wight barely misses you.
As you read the scroll of teleportation, it crumbles to dust.
You feel strangely unstable. The wight closely misses you.
The wight hits you with a +4 hand axe!
* * * LOW HITPOINT WARNING * * *
You feel drained. The wight attacks as you move away!
The wight hits you with a +4 hand axe!
* * * LOW HITPOINT WARNING * * *
The wight attacks as you move away! The wight hits you with a +2 war axe!
You die...

#..##..###..## ######
##.###..##....# #..... #..#
#..#.....# ##...#
###..###........# #.###
##......#.....<..# ###.##
#.###...........#####....##
### ###...................#
###..................
##s................
##zz...............
###..................
###.>..................
##...[.###..............
###....### ##.....>.......
##....### ##.............P
#....### ###...............
##.....###....##...........


You could see 2 wights.

Vanquished Creatures
  Grinder (D:3)
  Sigmund (D:3)
  Edmund (D:5)
  An ogre (D:4)
  A phantom (D:5)
  Blork the orc (D:4)
  2 necrophages (D:5)
  2 scorpions
  2 howler monkeys
  A gnoll shaman (D:5)
  2 hounds (D:5)
  An orc priest (D:5)
  A jelly (D:5)
  2 iguanas (D:5)
  Natasha (thrice) (D:4)
  An orc wizard (D:3)
  Robin (D:3)
  5 gnolls
  6 adders
  A river rat (D:3)
  A shadow imp (D:6)
  2 ufetubi
  4 worms
  3 dart slugs
  12 orcs
  7 ball pythons
  4 bats
  13 endoplasms
  5 giant cockroaches
  11 goblins
  12 hobgoblins
  4 kobolds (D:1)
  2 quokkas
  4 frilled lizards
  7 rats
127 creatures vanquished.

Vanquished Creatures (others)
  16 plants
16 creatures vanquished.

Grand Total: 143 creatures vanquished

Notes
Turn   | Place    | Note
-------+----------+-------------------------------------------
     0 | D:1      | Bruhh the Demigod Transmuter began the quest for the Orb.
     0 | D:1      | Reached XP level 1. HP: 15/15 MP: 5/5
    36 | D:1      | Reached skill level 1 in Fighting
   350 | D:1      | Reached XP level 2. HP: 18/23 MP: 7/7
   352 | D:1      | Reached skill level 3 in Unarmed Combat
   798 | D:1      | Reached XP level 3. HP: 28/28 MP: 6/8
  1797 | D:2      | Got the Volume of Curses and the Traveller
  2398 | D:3      | Reached XP level 4. HP: 27/36 MP: 8/10
  2669 | D:3      | Noticed Robin
  2927 | D:3      | Killed Robin
  3037 | D:3      | Noticed Grinder
  3037 | D:3      | Paralysed by Grinder for 3 turns
  3160 | D:3      | Paralysed by Grinder for 5 turns
  3624 | D:4      | Learned a level 3 spell: Spider Form
  3982 | D:4      | Noticed Natasha
  3994 | D:4      | Killed Natasha
  3995 | D:4      | Reached XP level 5. HP: 35/42 MP: 12/12
  4349 | D:4      | Reached skill level 4 in Unarmed Combat
  4626 | D:4      | Noticed an ogre
  5153 | D:3      | Noticed Sigmund
  5163 | D:3      | Killed Sigmund
  5164 | D:3      | Reached XP level 6. HP: 47/51 MP: 10/14
  5296 | D:3      | Killed Grinder
  5297 | D:3      | Reached XP level 7. HP: 37/58 MP: 13/15
  5954 | D:4      | Noticed Natasha
  5962 | D:4      | Killed Natasha
  6016 | D:4      | Noticed Natasha
  6023 | D:4      | Killed Natasha
  6142 | D:4      | Reached skill level 5 in Unarmed Combat
  6184 | D:4      | Noticed Blork the orc
  6195 | D:4      | Killed Blork the orc
  6398 | D:5      | Entered Level 5 of the Dungeon
  7020 | D:5      | Found Iloojo's Antique Armour Emporium.
  7398 | D:5      | Reached XP level 8. HP: 67/67 MP: 16/18
  7403 | D:5      | Reached skill level 5 in Fighting
  7884 | D:5      | Reached skill level 5 in Spellcasting
  8143 | D:5      | Reached skill level 6 in Unarmed Combat
  9083 | D:6      | Noticed Edmund
  9108 | D:5      | Killed Edmund
  9326 | D:5      | Mangled by a wight

Illustrated notes

Levels and vault maps discovered:
D:1:      dpeg_arrival_tiny_e, layout_rooms, serial_bayou, serial_bayou_pond_d,
          serial_bayou_pond_e, serial_bayou_pond_a, serial_bayou_lake_a,
          serial_bayou_pond_d
D:2:      layout_basic, basic_altar, dk_vineyard_2, grunt_ministairs_10,
          minmay_indecisive_spiral
D:3:      layout_rooms, mainiacjoe_overflow_alcove_2, serial_forest,
          infiniplex_forest_split, infiniplex_forest_end_2,
          infiniplex_forest_straight_2, infiniplex_forest_clump_double,
          infiniplex_forest_straight_3, infiniplex_forest_end_2,
          infiniplex_forest_side_room, infiniplex_forest_side_room,
          infiniplex_forest_end_2, portal_sewer_entry_e, fountainhead,
          grunt_ministairs_12, minivault_11, uniq_grinder, uniq_sigmund,
          uniq_robin
D:4:      cheibrodos_old_hovel, layout_basic, uniq_blork_the_orc, uniq_natasha
D:5:      layout_layer_cave, nicolae_hepliaklqana_hazy_memory, tso_oasis_becter,
          lemuel_round_altar, ashenzari_conservatory_becter,
          gammafunk_temple_overflow_wave, serial_shops,
          nicolae_shop_overgrown_old_shop
D:6:      layout_cave_pods, mainiacjoe_overflow_brackets,
          yredelemnul_altar_generic, lemuel_temple_firewalk_b, uniq_edmund

Skill      XL: |  1  2  3  4  5  6  7  8 |
---------------+-------------------------+-----
Fighting       | 1 2 3 4 5 |  5.6
Transmutations | 2 3 |  3.0
Unarmed Combat | 3 4 5 6 |  6.3
Spellcasting   | 2 3 4 5 |  5.0
Dodging        | |  1.7

Action                   |  1- 3 |  4- 6 |  7- 9 || total
-------------------------+-------+-------+-------++-------
Melee: Unarmed           |   132 |   145 |    82 ||   359
       Kick              |    25 |    21 |    13 ||    59
       Headbutt          |    15 |     8 |     5 ||    28
       Punch             |     2 |     6 |     2 ||    10
       Broad axe         |       |       |    47 ||    47
Throw: Dart              |     1 |       |       ||     1
 Cast: Beastly Appendage |    25 |    20 |    10 ||    55
       Spider Form       |       |     4 |     9 ||    13
  Use: Scroll            |       |     6 |     5 ||    11
       Potion            |       |     4 |       ||     4
 Stab: Sleeping          |       |     1 |       ||     1
Armor: Robe              |    17 |    14 |    20 ||    51
       Skin              |       |    24 |     2 ||    26
Dodge: Dodged            |    77 |    67 |   130 ||   274

Table legend: (Time is in decaauts)
 A = Elapsed time spent in this place.
 B = Non-inter-level travel time spent in this place.
 C = Inter-level travel time spent in this place.
 D = Time resting spent in this place.
 E = Time spent auto-exploring this place.
 F = Levels seen in this place.
 G = Mean time per level.
                   A        B        C        D        E       F      G
               +--------+--------+--------+--------+--------+-----+--------+
         Total |   9354 |   9135 |    219 |    942 |   7002 |   6 | 1559.0 |
       Dungeon |   9354 |   9135 |    219 |    942 |   7002 |   6 | 1559.0 |
               +--------+--------+--------+--------+--------+-----+--------+

Top non-repeatable levels by time:
     D:5: 2132 daAuts
     D:4: 2085 daAuts
     D:3: 1979 daAuts
     D:2: 1637 daAuts
     D:1: 884 daAuts
     D:6: 636 daAuts
